 Dungeon Crawl Stone Soup version 0.26-a0-8-gc4d20be10f (webtiles) character file.

Game seed: 17993040908405898376, levelgen mode: deterministic

216 MisterFreud the Slasher (level 5, 0/37 HPs)
             Began as an Octopode Gladiator on May 24, 2020.
             Shot with an arrow by a centaur (13 damage)
             ... on level 5 of the Dungeon.
             The game lasted 00:04:47 (3772 turns).

MisterFreud the Slasher (Octopode Gladiator)        Turns: 3772, Time: 00:04:47

Health: 0/37       AC:  5    Str: 13    XL:     5   Next: 93%
Magic:  5/5        EV: 14    Int: 11    God:
Gold:   141        SH:  0    Dex: 14    Spells: 4/4 levels left

rFire    . . .     SeeInvis +   a - +0 long sword
rCold    . . .     Gourm    .   (no shield)
rNeg     . . .     Faith    .   b - +0 hat
rPois    .         Spirit   .   (no amulet)
rElec    .         Reflect  .   j - ring of see invisible
rCorr    .         Harm     .   o - +4 ring of protection
MR       .....                  (no ring)
Stlth    ++........             (no ring)
HPRegen  0.12/turn              (no ring)
MPRegen  0.09/turn              (no ring)
                                (no ring)
                                (no ring)

@: no status effects
A: almost no armour, stealthy swim, amphibious, 8 rings, constrict 8, camouflage
1, gelatinous body 1
a: no special abilities


You were on level 5 of the Dungeon.
You were very hungry.

You visited 1 branch of the dungeon, and saw 5 of its levels.

You collected 141 gold pieces.

Inventory:

Hand Weapons
 a - a +0 long sword (weapon)
Missiles
 c - 3 throwing nets (quivered)
 q - 8 boomerangs
Armour
 b - a +0 hat (worn)
Jewellery
 j - a ring of see invisible (left tentacle)
 o - a +4 ring of protection (right tentacle)
 t - a cursed ring of attention {unknown}
Scrolls
 e - 7 scrolls of identify {unknown}
 f - a scroll of enchant armour {unknown}
 g - 2 scrolls of magic mapping {unknown}
 i - 2 scrolls of remove curse {unknown}
 n - 3 scrolls of teleportation {unknown}
 p - a scroll of amnesia {unknown}
 r - a scroll of fog {unknown}
 s - a scroll of fear {unknown}
Potions
 h - a potion of cancellation {unknown}
 k - 2 potions of stabbing {unknown}
 l - 2 potions of haste {unknown}
Comestibles
 d - 7 rations


   Skills:
 - Level 4.0 Fighting
 + Level 5.3 Long Blades
 - Level 2.0 Throwing
 - Level 3.0 Dodging


You had 4 spell levels left.
You didn't know any spells.
Your spell library was empty.

Dungeon Overview and Level Annotations

Branches:
Dungeon (5/15)
 Temple: D:4-7

Altars:
Ashenzari
Dithmenos
Nemelex Xobeh
Vehumet

Annotations:
D:4 exclusion: statue
D:5 Edmund


Innate Abilities, Weirdness & Mutations

You cannot wear most types of armour.
You are very stealthy in the water. (Stealth+)
You are amphibious.
You can wear up to eight rings at the same time.
You can use your tentacles to constrict eight enemies at once.
Your skin changes colour to match your surroundings (Stealth+).
Your rubbery body absorbs attacks. (AC +1, EV +1)


Message History

There is a stone staircase leading down here.
You climb downwards.
A centaur, Edmund and a howler monkey come into view.
Edmund is wielding a +2 vorpal dire flail.
Edmund shouts!
The centaur shouts!
The howler monkey howls!
Found four items.
There is a stone staircase leading up here.
The centaur wields a +0 shortbow.
The centaur shoots an arrow.
The arrow barely misses you.
Edmund says, "People think my brother is the best.
I think he's crazy."
You see here an arrow.
You are feeling very hungry.
You closely miss Edmund. You grab Edmund.
You constrict Edmund, but do no damage.
The centaur shoots an arrow.
The arrow closely misses you.
The centaur shoots an arrow.
The arrow hits you!
Edmund says, "A flail is better than a scythe, any day of the week!"
Edmund hits you with a +2 vorpal dire flail!
You release your grip on Edmund.
The centaur shoots an arrow.
The arrow hits you!
You die...

.......#...##.#.
..........c......
.................
..........!..#...
.................
..............#
.........<...#
.......h(....#.#
......@(@........
#....?...........
#..#.$...........
.. ####..........
..........#
.......?...#
..........#
.###........


You could see Edmund, a centaur and a howler monkey.

Vanquished Creatures
  2 worker ants (D:4)
  3 adders
  4 gnolls
  5 dart slugs
  A leopard gecko (D:3)
  8 orcs (D:3)
  4 ball pythons
  3 giant cockroaches
  7 goblins
  10 hobgoblins
  3 jackals (D:3)
  4 kobolds (D:2)
  A quokka (D:4)
  9 bats
  18 frilled lizards
  8 rats
90 creatures vanquished.

Notes
Turn   | Place    | Note
-------+----------+-------------------------------------------
     0 | D:1      | MisterFreud the Octopode Gladiator began the quest for the
                  | Orb.
     0 | D:1      | Reached XP level 1. HP: 14/14 MP: 1/1
     0 | D:1      | Noticed a centaur
     1 | D:1      | Noticed a human
    11 | D:1      | Noticed a formicid
    15 | D:1      | Noticed a minotaur skeleton
    19 | D:1      | Noticed a human
    19 | D:1      | Noticed a ghoul
   148 | D:1      | Reached XP level 2. HP: 18/20 MP: 2/2
   624 | D:1      | Reached XP level 3. HP: 26/26 MP: 3/3
  1636 | D:2      | Found a shadowy altar of Dithmenos.
  1638 | D:2      | Found a faded altar of an unknown god.
  1639 | D:2      | Reached XP level 4. HP: 33/33 MP: 4/4
  1936 | D:2      | Reached skill level 4 in Long Blades
  2161 | D:3      | Reached XP level 5. HP: 36/37 MP: 5/5
  2700 | D:3      | Found a sparkling altar of Nemelex Xobeh.
  3036 | D:4      | Found a radiant altar of Vehumet.
  3036 | D:4      | Noticed a frost-covered statue
  3063 | D:4      | Reached skill level 5 in Long Blades
  3556 | D:4      | Found a shattered altar of Ashenzari.
  3768 | D:5      | Entered Level 5 of the Dungeon
  3768 | D:5      | Noticed Edmund
  3768 | D:5      | Noticed a centaur
  3772 | D:5      | Shot with an arrow by a centaur

Illustrated notes

Levels and vault maps discovered:
D:1:      shiori_arrival_whats_in_store_for_you, layout_loops_corners,
          minmay_pentomino_x2
D:2:      layout_basic, grunt_dithmenos_smoke,
          chequers_ecumenical_altar_simple_redux
D:3:      layout_basic, nemelex_xobeh_ov_fountains_minmay, minmay_lizard_king
D:4:      layout_loops_corners, vehumet_statue, kennysheep_little_box,
          first_ration
D:5:      layout_cave_pools, grunt_qazlal_sundering, lemuel_round_altar,
          nicolae_overflow_crystal_walls, lemuel_coloured_pillars_altar,
          bloody_trog, hangedman_decor_peaks_small, uniq_edmund

Skill      XL: |  1  2  3  4  5 |
---------------+----------------+-----
Fighting       | 3 4 |  4.0
Long Blades    | 4 5 |  5.3
Throwing       | |  2.0
Dodging        | |  3.0

Action                   |  1- 3 |  4- 6 || total
-------------------------+-------+-------++-------
Melee: Long sword        |    54 |    84 ||   138
       Constrict         |    22 |    36 ||    58
       Tentacles         |    13 |    25 ||    38
 Stab: Sleeping          |     9 |     2 ||    11
  Eat: Chunk             |     2 |     6 ||     8
Armor: Skin              |     5 |    14 ||    19
Dodge: Dodged            |    36 |    79 ||   115
       Rpst.: Long sword |    12 |    28 ||    40

Table legend:
 A = Non-vault XP
 B = Vault XP
 C = Vault XP percentage of total XP
 D = Non-vault monster count
 E = Vault monster count
 F = Vault count percentage of total count
                 A         B        C        D         E       F
            +---------+---------+-------+---------+---------+-------
      Total |     290 |      19 |   6.1 |      76 |      14 |  15.6
            +---------+---------+-------+---------+---------+-------
        D:1 |      47 |       5 |   9.6 |      26 |       2 |   7.1
        D:2 |      57 |       0 |   0.0 |      21 |       0 |   0.0
        D:3 |     103 |      14 |  12.0 |      24 |      12 |  33.3
        D:4 |      83 |       0 |   0.0 |       5 |       0 |   0.0
            +---------+---------+-------+---------+---------+-------
